 Dungeon Sprint DCSS version 0.28-a0-730-g892d06dc2c (webtiles) character file.

Game seed: 6024912894368167704

288 mhtbhm the Thrower (level 6, -10/48 HPs)
             Began as a Human Hunter on Oct 29, 2021.
             Mangled by a fire elemental (11 damage)
             ... summoned by a deep elf pyromancer
             ... in the Dungeon (Sprint III: "The Ten Rune Challenge").
             The game lasted 00:03:20 (754 turns).

mhtbhm the Thrower (Human Hunter)                    Turns: 754, Time: 00:03:20

Health: -10/48     AC:  6    Str: 14    XL:     6   Next: 57%
Magic:  6/6        EV: 12    Int: 12    God:
Gold:   16         SH:  0    Dex: 13    Spells: 5/5 levels left

rFire   . . .      SeeInvis .   a - +0 short sword
rCold   . . .      Faith    .   (no shield)
rNeg    . . .      Spirit   .   b - +0 leather armour
rPois   .          Reflect  .   (no helmet)
rElec   .          Harm     .   l - +2 cloak
rCorr   .          Rampage  .   (no gloves)
Will    .....      NoTele   +   (no boots)
Stlth   ++........              k - amulet of regeneration
HPRegen 1.16/turn               (no ring)
MPRegen 0.10/turn               (no ring)

@: no status effects
A: no striking features
a: no special abilities


You were in the Dungeon.
You visited 1 branch You collected 16 gold pieces.

Inventory:

Hand Weapons
 a - a +0 short sword (weapon)
Armour
 b - a +0 leather armour (worn)
 l - a +2 cloak (worn)
Jewellery
 k - an amulet of regeneration (around neck)
Wands
 d - a wand of mindburst (16)
Scrolls
 m - a scroll of holy word
 n - a scroll of identify
 p - a scroll of immolation
Potions
 h - 2 potions of magic
 o - 3 potions of flight
 q - 7 potions of mutation


   Skills:
 + Level 4.0 Fighting
 + Level 1.6 Short Blades
 + Level 10.9 Throwing
 + Level 4.2 Armour
 + Level 3.5 Dodging
 + Level 3.8 Stealth


You had 5 spell levels left.
You didn't know any spells.
Your spell library contained the following spells:

 Spells                   Type           Power      Damage    Failure   Level
 Conjure Flame            Conj/Fire      0%         6-21      77%         3
 Ignite Poison            Fire/Tmut/Pois 0%         N/A       77%         3
 Ozocubu's Armour         Ice            0%         N/A       77%         3
 Sticky Flame             Conj/Fire      0%         2d3       99%         4
 Metabolic Englaciation   Hex/Ice        0%         N/A       100%        5
 Simulacrum               Ice/Necr       0%         N/A       100%        6


Dungeon Overview and Level Annotations

Branches:
Dungeon (1/1)

Altars:
Dithmenos
Elyvilon
Kikubaaqudgha
Ru
Sif Muna
Vehumet
Yredelemnul
Zin
The Shining One


Message History

Okay, then.
Sorry, you're not good enough to have a special ability.
Unknown command.
Okay, then.
Okay, then.
Okay, then.
Your leather armour prevents you from hitting the deep elf pyromancer.
The deep elf pyromancer casts a spell.
Unknown command.
You hit the deep elf pyromancer.
The deep elf pyromancer is lightly wounded.
The fire elemental disappears in a puff of smoke!
The fire elemental closely misses you.
The deep elf pyromancer hits you but does no damage.
You hit the deep elf pyromancer.
The deep elf pyromancer is lightly wounded.
The fire elemental closely misses you.
The deep elf pyromancer barely misses you.
You hit the deep elf pyromancer.
The deep elf pyromancer is lightly wounded.
The fire elemental hits you. The fire elemental burns you!
The deep elf pyromancer hits you with a +0 long sword of holy wrath.
The fire elemental barely misses you.
You barely miss the deep elf pyromancer.
The deep elf pyromancer is lightly wounded.
The fire elemental hits you. The fire elemental burns you!
The fire elemental barely misses you.
The deep elf pyromancer gestures wildly while chanting.
The deep elf pyromancer blinks!
The fire elemental barely misses you.
Unknown command.
The fire elemental barely misses you. The fire elemental hits you.
The fire elemental burns you! The fire elemental barely misses you.
The fire elemental hits you. The fire elemental burns you!
* * * LOW HITPOINT WARNING * * *
You closely miss the fire elemental. The fire elemental hits you.
The fire elemental burns you!
* * * LOW HITPOINT WARNING * * *
The fire elemental misses you. The fire elemental hits you.
The fire elemental burns you!
You die...

▓▓▓▓▓▓▓▓▓▓▓ ▓▓▓ ▓<.#..'...♣♣♣♣
♣.##### #### ▓..#..#......♣
♣♣.#°__# #__# ▓#'####.....♣♣
♣..#(.○# #._#
▓.....#....≈.♣♣♣..###'#+###)##
▓.....#...≈≈♣)♣E♣.#..........#
▓....(#..≈≈≈≈♣..@E'.⌠..).....#
▓####'#..≈≈≈≈≈≈E♣.#...######+#
▓..)..#.≈≈≈≈≈≈e.○.#.⌠.#
▓.....#.≈≈≈≈≈.....#...#
▓.....#.≈≈≈.......#'###
▓'#####...........#...#
▓.................#___#
▓▓▓▓▓▓▓▓▓▓▓▓▓▓▓▓▓▓▓▓▓▓▓


You could see a deep elf pyromancer and 3 fire elementals.

Vanquished Creatures
  A necrophage (D)
  A water elemental (D)
  Crazy Yiuf (D)
  Jessica (D)
  A necromancer (D)
  A wizard (D)
  A human (D)
  A kobold demonologist (D)
  An endoplasm (D)
  A rat (D)
10 creatures vanquished.

Notes
Turn   | Place    | Note
-------+----------+-------------------------------------------
     0 | D        | mhtbhm the Human Hunter began the quest for the Orb.
     0 | D        | Reached XP level 1. HP: 16/16 MP: 1/1
    11 | D        | Noticed Jessica
    13 | D        | Killed Jessica
    14 | D        | Reached skill level 6 in Throwing
    14 | D        | Reached XP level 2. HP: 24/24 MP: 2/2
    14 | D        | Reached XP level 3. HP: 29/29 MP: 3/3
   101 | D        | Reached skill level 7 in Throwing
   186 | D        | Noticed Crazy Yiuf
   190 | D        | Killed Crazy Yiuf
   191 | D        | Reached skill level 8 in Throwing
   191 | D        | Reached skill level 1 in Armour
   191 | D        | Reached XP level 4. HP: 35/35 MP: 4/4
   252 | D        | Noticed a water elemental
   270 | D        | Killed a water elemental
   271 | D        | Reached skill level 9 in Throwing
   271 | D        | Reached XP level 5. HP: 40/41 MP: 5/5
   327 | D        | Found a radiant altar of Vehumet.
   327 | D        | Found a shimmering blue altar of Sif Muna.
   327 | D        | Found an ancient bone altar of Kikubaaqudgha.
   513 | D        | Found a basalt altar of Yredelemnul.
   513 | D        | Found a shadowy altar of Dithmenos.
   513 | D        | Found a sacrificial altar of Ru.
   513 | D        | Noticed a necrophage
   516 | D        | Reached skill level 10 in Throwing
   516 | D        | Reached XP level 6. HP: 48/48 MP: 6/6
   536 | D        | Killed a necrophage
   537 | D        | Reached skill level 1 in Short Blades
   657 | D        | Found a glowing silver altar of Zin.
   657 | D        | Found a glowing golden altar of the Shining One.
   657 | D        | Found a white marble altar of Elyvilon.
   657 | D        | Noticed a deep elf pyromancer
   658 | D        | Noticed a fire elemental
   658 | D        | Noticed a fire elemental
   665 | D        | HP: 2/48 [deep elf pyromancer (9)]
   748 | D        | Noticed a fire elemental
   748 | D        | Noticed a fire elemental
   749 | D        | Noticed a fire elemental
   749 | D        | Noticed a fire elemental
   754 | D        | HP: 1/48 [fire elemental[a deep elf pyromancer] (8)]
   754 | D        | Mangled by a fire elemental

Illustrated notes

Levels and vault maps discovered:
D:        dungeon_sprint_mu [sprint_mu_entry_forest, sprint_mu_temple_rooms,
          sprint_mu_d1_spiders, sprint_mu_d2_genie, sprint_mu_d3_branching,
          sprint_mu_orc_legion, sprint_mu_elf_gauntlet, sprint_mu_hive_nellie,
          sprint_mu_lair_fedhas, sprint_mu_vaults_butterflies,
          sprint_mu_slime_circle, sprint_mu_swamp_cave, sprint_mu_shoals_archi,
          sprint_mu_blade_basic, sprint_mu_crypt_chambers,
          sprint_mu_tomb_spiral, sprint_mu_vestibule_basic,
          sprint_mu_gehenna_hellfire, sprint_mu_dis_giant,
          sprint_mu_tartarus_statrot, sprint_mu_cocytus_islands, sprint_mu_zot1]

Skill      XL: |  1  2  3  4  5  6 |
---------------+-------------------+-----
Fighting       | 3 4 |  4.0
Throwing       | 6 8 9 10 | 10.9
Armour         | 1 2 3 4 |  4.2
Stealth        | 2 3 |  3.8
Dodging        | 3 |  3.5
Short Blades   | 1 |  1.6

Action                   |  1- 3 |  4- 6 || total
-------------------------+-------+-------++-------
Melee: Short sword       |    16 |    32 ||    48
Throw: Javelin           |    11 |    14 ||    25
       Throwing net      |     2 |     5 ||     7
  Use: Potion            |       |     4 ||     4
       Scroll            |       |     3 ||     3
 Stab: Sleeping          |     1 |       ||     1
       Held in net/web   |       |     2 ||     2
Armor: Leather armour    |     2 |    16 ||    18
Dodge: Dodged            |     8 |    21 ||    29

Table legend: (Time is in decaauts)
 A = Elapsed time spent in this place.
 B = Non-inter-level travel time spent in this place.
 C = Inter-level travel time spent in this place.
 D = Time resting spent in this place.
 E = Time spent auto-exploring this place.
 F = Levels seen in this place.
 G = Mean time per level.
                   A        B        C        D        E       F      G
               +--------+--------+--------+--------+--------+-----+--------+
         Total |    750 |    750 |      0 |    414 |     19 |   1 |  750.0 |
       Dungeon |    750 |    750 |      0 |    414 |     19 |   1 |  750.0 |
               +--------+--------+--------+--------+--------+-----+--------+

Top non-repeatable levels by time:
       D: 750 daAuts
